Zazza, neutral female human Tourist ------- -------- |.....| |......| |.....| --------------- ------- |......| |>....| ##...............####### ##-.....| ##.......| |.....| # |.............| # |...{.| # |......| |.....| ### |..............## # |.....|#########-......| ----.-- # |.............| # # |.....|# # |......| # ### ---------.----- ######I#I`|......# ---.---- # # ##### -------# ###### # # # ################## # # # ## # # ## ### # # ---.-------- ### # #----- # # # |..........| # # #|_..| ### --.--# |..........-###``###############|...|# # |...|# |..........| -------# #|....# --------.---- |{...# |...........####|.<...|# |...|# |...........| |...| ------------ #+.....|# -----########-.......<...| |...| |......# |...........| ----- ------- ------------- Zazza the Sightseer Experience level: 5 Strength: 14 Dexterity: 11 Constitution: 18 Intelligence: 12 Wisdom: 8 Charisma: 18 Health: 0(52) Energy: 20(20) Def: 5 Gold: 214 Moves: 6091 Dungeon seed: n_jw2pmT3gRIwiRt Game ID: Zazza_1574277575 Your Inventory: Coins $ - 214 gold pieces Weapons a - 32 +2 darts (in quiver) G - 2 +0 orcish daggers H - a +0 long sword (weapon in hand) K - 4 cursed +0 darts R - 4 +0 darts S - 2 +0 elven daggers W - a +0 sling Armor e - a blessed +0 Hawaiian shirt n - an uncursed +0 orcish helm (being worn) r - an uncursed +0 dwarvish cloak (being worn) y - a blessed +2 leather armor (being worn) Comestibles b - 3 uncursed food rations c - an uncursed tripe ration j - an uncursed cream pie Scrolls d - an uncursed scroll of blank paper i - an uncursed scroll of light p - 2 uncursed scrolls of identify z - an uncursed scroll of enchant weapon C - a blessed scroll of fire J - an uncursed scroll of magic mapping U - an uncursed scroll of destroy armor X - an uncursed scroll of confuse monster Potions h - 2 uncursed potions of extra healing s - an uncursed potion of restore ability B - 2 uncursed potions of gain energy M - an uncursed potion of sickness V - an uncursed potion of object detection Rings O - an uncursed ring of invisibility (on left hand) Wands v - a wand of undead turning (0:6) P - a wand of undead turning (0:7) Tools f - an uncursed tin opener g - a blessed oil lamp (0:1268) k - an expensive camera (0:61) l - an uncursed credit card m - a magic marker (0:90) u - an uncursed towel A - an uncursed magic whistle L - an uncursed mirror Gems q - an uncursed jet stone N - an uncursed worthless piece of black glass Spells and supernatural/magical abilities: Name Level Category Fail Memory W - pray for help -- divine ? -- Your skills at the end: Fighting Skills Weapon Skills long sword [Basic] dart [Basic] Spellcasting Skills Final Attributes: You were piously aligned. You were blinded. You were invisible. You are dead. Vanquished creatures: a small mimic a quivering blob a brown pudding a gold golem a dust vortex a wood nymph a mountain nymph a rock piercer a rock mole a pony a yellow light 2 shriekers a gnome lord 2 gnomish wizards a gray ooze a paper golem a giant ant a little dog a floating eye a kitten a dwarf 4 homunculi 2 kobold lords an orc zombie a werejackal 2 iguanas an acid blob 2 coyotes 2 gas spores 4 hobbits a hobgoblin 5 giant rats 3 cave spiders 3 brown molds 2 yellow molds 2 green molds a red mold 5 gnomes 6 geckos 11 jackals a fox 4 kobolds 5 goblins 5 sewer rats 7 grid bugs a bat 6 lichens 2 kobold zombies 4 newts 116 creatures vanquished. Voluntary challenges: You had been an atheist until turn 2251. You used a wielded weapon 42 times, starting on turn 1595. You read items or engraved 6 times, starting on turn 896. You never genocided any monsters. You never polymorphed an object. You never changed form. You used no wishes. You never split a pudding. You wrote Elbereth's name 1 time, starting on turn 4935. You never violated your personal moral code. Dungeon overview: The Dungeons of Doom: levels 1 to 8 Level 1 a fountain a long staircase Level 2 a potion shop, some fountains Level 3 a potion shop, an altar to The Lady stairs to The Gnomish Mines Level 4 a general store, a fountain Level 5 a fountain, a throne Level 6 some fountains, a throne Level 7 many fountains Level 8 <- You were here an altar to Offler, some fountains a long staircase The Gnomish Mines: Level 4 stairs to The Dungeons of Doom History has recorded: On T:1 you entered the Dungeons of Doom to retrieve the Amulet of Yendor! On T:527 you reached level 2 of The Dungeons of Doom. On T:1028 you reached level 3 of The Dungeons of Doom. On T:1033 you reached level 5 of The Dungeons of Doom. On T:1037 you reached level 4 of The Dungeons of Doom. On T:1387 you advanced to experience level 2. On T:1580 you advanced to experience level 3. On T:2008 you advanced to experience level 4. On T:3134 you reached level 1 of The Gnomish Mines. On T:4245 you reached level 6 of The Dungeons of Doom. On T:4460 you advanced to experience level 5. On T:4690 you reached level 7 of The Dungeons of Doom. On T:5535 you reached level 8 of The Dungeons of Doom. Score breakdown: Gold: 102 ( 6846 points) Experience: 5 levels (11141 points) Exploration: 8 levels ( 17.02%) (11702 points) Discoveries: 8 items ( 2.68%) ( 4915 points) Valuables value: (no points given unless you survive) Artifact value: 0 ( 0 points) Variety of kills: 49 monsters ( 12.86%) (10758 points) Turncount: 6091 turns (-1646 points) Survival: died (score multiplied by 80%) Total score: 34972 Latest messages: Gee! All of a sudden, you can't see yourself. The wolf bites! You hit the wolf. The wolf bites! You displace Armand. You miss the yellow light. The yellow light bumps right into you! The yellow light explodes! You are blinded by a blast of light! You sense a monster nearby! (2x) There's still a monster there. You sense a monster nearby! It butts! It kicks! It butts! It just misses! There's still a monster there. It butts! It kicks! It butts! You die... Final status: Aloha Zazza the Tourist, killed by a black unicorn... You died in The Dungeons of Doom on dungeon level 8 with 34972 points, and 214 pieces of gold, after 6091 moves. You were level 5 with a maximum of 52 hit points when you died.